Map: Port Aleksander LE

Players

Neeb - Winner!

  • Race: Protoss Protoss
  • League: Master
  • Spawn Location: 5:00

scarlett

  • Race: Zerg Zerg
  • League: Master
  • Spawn Location: 11:00

Event: 2019 WCS Winter Americas

VOD

Have the link to the VOD?

Description

Time

  • Played on: April 6, 2019, 6:16 p.m.
  • Length: 8:18

All games in this series

Show
View Real Time Build Order
Export as new Build Order

Neeb Protoss - Winner!

Build Orders: 1 Gate Expand 

Get SALT Encoding   

  12  0:00  Probe  
  13  0:12  Probe  
  14  0:17  Pylon  
  14  0:24  Probe  
  15  0:32  Probe  
  15  0:38  Gateway  
  15  0:40  Probe  
  16  0:48  Assimilator  
  17  0:51  Probe  
  18  1:03  Probe  
  19  1:15  Probe  
  20  1:25  Nexus  
  20  1:35  Cybernetics Core  
  20  1:38  Probe  
  21  1:45  Assimilator  
  21  1:50  Probe  
  21  1:53  Pylon  
  22  2:01  Adept  
  22  2:03  Probe  
  23  2:12  Warp Gate  
  23  2:15  Probe  
  26  2:22  Adept  
  26  2:23  Robotics Facility  
  26  2:27  Probe  
  27  2:33  Probe  
  29  2:39  Probe  
  29  2:41  Probe  
  33  2:51  Stalker, Probe  
  33  2:55  Probe  
  36  3:05  Immortal, Probe  
  37  3:07  Probe  
  40  3:18  Pylon  
  42  3:25  Probe  
  42  3:26  Gateway  
  43  3:27  Probe  
  44  3:34  Gateway  
  44  3:37  Warp Prism  
  44  3:38  Probe  
  44  3:39  Probe  
  48  3:54  Probe x2  
  48  4:00  Sentry, Gateway  
  50  4:06  Probe  
  50  4:07  Probe  
  52  4:14  Pylon  
  52  4:22  Immortal, Probe  
  53  4:24  Assimilator  
  53  4:29  Pylon  
  53  4:33  Adept  
  59  4:43  Gateway  
  59  4:44  Gateway  
  59  4:46  Gateway  
  59  4:52  Gateway  
  59  4:53  Gateway  
  59  4:54  Sentry x2  
  59  4:55  Sentry  
  59  4:58  Immortal  
  65  5:00  Pylon  
  69  5:15  Pylon  
  69  5:28  Stalker  
  69  5:29  Stalker x2  
  74  5:43  Stalker x3  
  75  5:59  Pylon  
  75  6:01  Adept x5  
  83  6:23  Stalker x4, Zealot  
  91  6:26  Pylon  
  91  6:38  Pylon  
  87  6:52  Pylon  
  87  6:57  Zealot x2  
  87  6:58  Zealot  
  85  7:14  Zealot x5  
  85  7:33  Zealot x3  
  85  7:34  Zealot x2  
  85  7:35  Zealot  
  81  7:52  Stalker x2  
  81  7:54  Stalker  
  81  7:55  Stalker  
  85  8:00  Stalker, Zealot  
  85  8:03  Zealot  
Show
View Real Time Build Order
Export as new Build Order

scarlett Zerg 

Build Orders: Hatch First, Swarm Host 

Get SALT Encoding   

  12  0:00  Drone  
  13  0:12  Overlord  
  13  0:17  Drone  
  14  0:31  Drone x2  
  16  0:48  Hatchery  
  15  0:52  Drone  
  15  0:56  Drone  
  17  0:59  Drone  
  18  1:10  Extractor  
  17  1:15  Spawning Pool  
  17  1:18  Drone  
  17  1:22  Drone  
  18  1:28  Drone  
  19  1:38  Drone  
  20  1:49  Overlord  
  20  2:02  Queen x2, Zergling x4  
  26  2:13  Drone  
  26  2:14  Drone  
  26  2:15  Metabolic Boost  
  28  2:23  Drone  
  28  2:24  Drone  
  30  2:33  Drone x2  
  32  2:40  Queen  
  34  2:45  Queen  
  34  2:49  Overlord  
  36  3:07  Overlord  
  36  3:08  Drone x4  
  36  3:11  Drone x3  
  43  3:13  Zergling x2  
  43  3:19  Lair  
  44  3:28  Zergling x2  
  44  3:29  Drone x3  
  44  3:33  Extractor  
  47  3:34  Extractor  
  47  3:35  Extractor  
  47  3:38  Drone  
  47  3:39  Drone  
  47  3:42  Drone  
  48  3:53  Drone x2  
  48  3:54  Drone x2  
  51  4:00  Overlord x2  
  51  4:08  Overlord  
  51  4:17  Infestation Pit  
  51  4:18  Drone x4  
  54  4:27  Drone x2  
  54  4:30  Nydus Network, Overlord  
  56  4:31  Zergling x8  
  56  4:34  Zergling x2  
  60  4:43  Overseer  
  60  4:45  Zergling x2  
  60  4:46  Zergling x2  
  62  4:54  Swarm Host  
  62  4:55  Swarm Host  
  62  4:56  Swarm Host x2  
  74  5:02  Overlord  
  74  5:03  Overlord  
  74  5:14  Overlord  
  74  5:16  Nydus Canal  
  74  5:21  Swarm Host x4  
  74  5:24  Swarm Host  
  74  5:25  Swarm Host  
  92  5:34  Swarm Host  
  95  5:36  Overlord x2  
  95  5:46  Swarm Host  
  95  5:48  Overlord x2  
  98  5:52  Drone  
  98  5:57  Nydus Canal  
  98  5:59  Swarm Host  
  98  6:00  Swarm Host  
  98  6:02  Zergling x8  
  107  6:05  Drone x2  
  106  6:18  Drone x2  
  105  6:24  Nydus Canal  
  104  6:33  Zergling x16  
  109  6:45  Swarm Host x2  
  107  6:53  Swarm Host x4  
  107  7:05  Swarm Host x2  
  97  7:13  Zergling x2  
  97  7:14  Zergling x4  
  91  7:17  Zergling x2  
  87  7:27  Hatchery  
  79  7:36  Nydus Canal  
  76  7:41  Swarm Host x2  
  66  8:04  Drone x3  
Tags
 
Add a new tag
Caveats
  • Supply blocks, unpowered buildings, or Contaminate may cause inaccurate times.
  • Supply counts are checked every 10 seconds.